 Dungeon Crawl Stone Soup version 0.28.0-49-g6dfe1f597d (webtiles) character file.

Game seed: 5799271563062655737

425 Peloso the Slasher (level 6, -15/56 HPs)
             Began as a Minotaur Fighter on May 14, 2022.
             Demolished by Duvessa
             ... wielding a +0 short sword
              (18 damage)
             ... on level 5 of the Dungeon.
             The game lasted 00:05:56 (3408 turns).

Peloso the Slasher (Minotaur Fighter)               Turns: 3408, Time: 00:05:56

Health: -15/56     AC:  9    Str: 20    XL:     6   Next: 64%
Magic:  5/5        EV: 10    Int:  5    God:
Gold:   100        SH:  5    Dex: 12    Spells: 5/5 levels left

rFire   . . .      SeeInvis .   a - +0 long sword
rCold   . . .      Faith    .   c - +0 buckler
rNeg    . . .      Spirit   .   b - +0 scale mail
rPois   +          Reflect  .   (helmet restricted)
rElec   .          Harm     .   j - +0 cloak
rCorr   .          Rampage  .   f - +0 pair of gloves
Will    .....                   (no boots)
Stlth   ..........              (no amulet)
HPRegen 0.18/turn               e - ring of poison resistance
MPRegen 0.09/turn               (no ring)

@: no status effects
A: horns 2, retaliatory headbutt
a: no special abilities


You were on level 5 of the Dungeon.
You visited 1 branch of the dungeon, and saw 5 of its levels.

You collected 100 gold pieces.

Inventory:

Hand Weapons
 a - a +0 long sword (weapon)
Armour
 b - a +0 scale mail (worn)
 c - a +0 buckler (worn)
 f - a +0 pair of gloves (worn)
 j - a +0 cloak (worn)
Jewellery
 e - a ring of poison resistance (left hand)
 h - a ring of wizardry
Scrolls
 i - a scroll of magic mapping {unknown}
 l - a scroll of enchant weapon {unknown}
 m - a scroll of amnesia {unknown}
Potions
 d - a potion of might
 g - a potion of haste
 k - a potion of lignification {unknown}
 n - a potion of curing {unknown}


   Skills:
 + Level 5.0 Fighting
 + Level 5.7 Long Blades
 + Level 5.2 Armour
 + Level 2.0 Dodging
 + Level 0.2 Stealth
 + Level 4.4 Shields


You had 5 spell levels left.
You didn't know any spells.
Your spell library contained the following spells:

 Spells                   Type           Power      Damage    Failure   Level
 Dazzling Flash           Conj/Hex       0%         N/A       99%         3
 Iskenderun's Mystic Bla  Conj/Tloc      0%         2d3       100%        4
 Starburst                Conj/Fire      0%         6d3       100%        6


Dungeon Overview and Level Annotations

Branches:
Dungeon (5/15)
 Temple: D:4-7

Altars:
Qazlal

Shops:
D:4 =

Annotations:
D:5 Duvessa


Innate Abilities, Weirdness & Mutations

You have a pair of horns on your head.
You reflexively headbutt those who attack you in melee.


Message History

You block Dowan's attack.
You hit Dowan.
You kill Dowan!
You hear a distant scream of rage.
Things that are here:
a +0 dagger; a +2 robe of fire resistance You now have 100 gold pieces (gained 15).
Duvessa, Sister of Dowan comes into view.
She is wielding a +0 short sword.
Duvessa shouts!
Duvessa goes berserk!
You block Duvessa's attack.
You barely miss Duvessa.
Duvessa hits you with a +0 short sword! x2
You hit Duvessa. Your headbutt misses Duvessa.
Duvessa is lightly wounded.
You block Duvessa's attack.
You hit Duvessa but do no damage. Your headbutt misses Duvessa.
Duvessa is lightly wounded.
Duvessa barely misses you. x2
You hit Duvessa.
Duvessa is lightly wounded.
You block Duvessa's attack. Duvessa hits you but does no damage.
You slash Duvessa!
Duvessa is moderately wounded.
Duvessa hits you with a +0 short sword!
* * * LOW HITPOINT WARNING * * *
You completely miss Duvessa. You headbutt Duvessa.
Duvessa is moderately wounded.
You block Duvessa's attack. Duvessa hits you with a +0 short sword!
* * * LOW HITPOINT WARNING * * *
Okay, then.
You hit Duvessa but do no damage.
Duvessa is moderately wounded.
Duvessa hits you with a +0 short sword.
* * * LOW HITPOINT WARNING * * *
Duvessa barely misses you.
You barely miss Duvessa. You headbutt Duvessa, but do no damage.
Duvessa is moderately wounded.
You block Duvessa's attack.
Duvessa hits you with a +0 short sword!!
You die...

### #.#########
#.e@.......
#.######### #.# #
#######.##### #.#
#...........# ....
#....)......# .....
#...........#.......
+...................
#...###...#######.#


You could see Duvessa (berserk).

Vanquished Creatures
  An ice beast (D:5)
  A scorpion (D:3)
  A wyvern skeleton (D:5)
  Dowan (D:5)
  Terence (D:3)
  An orc wizard (D:4)
  A hound skeleton (D:4)
  2 adders (D:2)
  4 gnolls
  An ufetubus (D:4)
  3 orcs
  5 endoplasms
  2 giant cockroaches
  4 hobgoblins
  6 jackals
  9 kobolds
  2 quokkas (D:2)
  6 ball pythons
  4 bats
  3 frilled lizards
  4 goblins
  5 rats
67 creatures vanquished.

Notes
Turn   | Place    | Note
-------+----------+-------------------------------------------
     0 | D:1      | Peloso the Minotaur Fighter began the quest for the Orb.
     0 | D:1      | Reached XP level 1. HP: 19/19 MP: 0/0
   248 | D:1      | Reached XP level 2. HP: 22/27 MP: 1/1
  1181 | D:2      | Reached XP level 3. HP: 30/33 MP: 2/2
  1404 | D:2      | Reached XP level 4. HP: 14/40 MP: 3/3
  2068 | D:2      | Reached skill level 1 in Dodging
  2647 | D:3      | Found a stormy altar of Qazlal.
  2671 | D:3      | Noticed a scorpion
  2677 | D:3      | Killed a scorpion
  2678 | D:3      | Reached XP level 5. HP: 46/47 MP: 4/4
  2701 | D:3      | Noticed Terence
  2708 | D:3      | Killed Terence
  3063 | D:4      | Found Kezogromyx's Jewellery Emporium.
  3137 | D:4      | Noticed an ogre
  3185 | D:5      | Entered Level 5 of the Dungeon
  3213 | D:5      | Reached skill level 5 in Long Blades
  3213 | D:5      | Reached XP level 6. HP: 32/55 MP: 5/5
  3353 | D:5      | Noticed Dowan
  3364 | D:5      | Noticed an ice beast
  3377 | D:5      | Killed an ice beast
  3378 | D:5      | Reached skill level 5 in Fighting
  3378 | D:5      | Reached skill level 5 in Armour
  3390 | D:5      | Killed Dowan
  3394 | D:5      | Noticed Duvessa
  3408 | D:5      | Demolished by Duvessa

Illustrated notes

Levels and vault maps discovered:
D:1:      psy_arrival_statuary, layout_basic
D:2:      layout_basic, serial_curves, eino_curves_03, eino_curves_03,
          interstate_on_off
D:3:      layout_basic, grunt_qazlal_clouds, uniq_terence
D:4:      layout_gridville, lemuel_round_altar,
          minmay_temple_entry_statues_pillars, serial_shops, shop,
          nicolae_take_the_stairs, nicolae_shop_temple_entry_statues_fountains,
          nicolae_shop_hallway_plus, shop, dk_noncrumbling_2
D:5:      layout_basic, nicolae_overflow_hidden_temple, serial_shops,
          nicolae_shop_bloodbath_and_beyond, grunt_ministairs_13, minivault_26,
          uniq_duvessa

Skill      XL: |  1  2  3  4  5  6 |
---------------+-------------------+-----
Shields        | 4 |  4.4
Armour         | 4 5 |  5.2
Fighting       | 4 5 |  5.0
Long Blades    | 3 4 5 |  5.7
Dodging        | 1 2 |  2.0
Stealth        | |  0.2

Action                   |  1- 3 |  4- 6 || total
-------------------------+-------+-------++-------
Melee: Long sword        |    72 |   110 ||   182
       Headbutt          |     6 |    17 ||    23
  Use: Scroll            |     1 |     3 ||     4
       Potion            |     1 |       ||     1
Armor: Scale mail        |    39 |    65 ||   104
Dodge: Dodged            |    44 |    52 ||    96
Block: Buckler           |    15 |    25 ||    40
